 Dungeon Crawl Stone Soup version 0.31.0-4-g52a2dc7128 (webtiles) character file.

Game seed: 6495629028790984927

51 Colgate the Magician (level 3, 23/23 HPs)
             Began as a Gnoll Hedge Wizard on Jan 22, 2024.
             Was a Follower of Hepliaklqana.
             Quit the game on level 2 of the Dungeon.
             The game lasted 00:09:45 (2580 turns).

Colgate the Magician (Gnoll Hedge Wizard)           Turns: 2580, Time: 00:09:46

Health: 23/23      AC:  6    Str:  9    XL:     3   Next: 81%
Magic:  11/11      EV: 13    Int: 15    God:    Hepliaklqana [*.....]
Gold:   55         SH:  0    Dex: 11    Spells: 8/16 levels left

rFire   + . .        a - +0 dagger
rCold   . . .        (no shield)
rNeg    . . .        j - +0 robe
rPois   .            p - +0 helmet
rElec   .            n - +2 cloak
rCorr   .            (no gloves)
SInv    .            (no boots)
Will    .....        (no amulet)
Stlth   ++           k - ring of protection from cold
HPRegen 0.23/turn    f - ring of fire
MPRegen 0.12/turn

%: no passive effects
@: no status effects
A: reduced essence, fangs 1, strong nose, distributed training
a: Renounce Religion, Recall Ancestor, Ancestor Identity


You were on level 2 of the Dungeon.
You worshipped Hepliaklqana.
Hepliaklqana was aware of your devotion.
You visited 1 branch of the dungeon, and saw 2 of its levels.

You collected 55 gold pieces.

Inventory:

Hand Weapons
 a - a +0 dagger (weapon)
 b - a +2 short sword of protection
Missiles
 l - 3 poisoned darts
Armour
 j - a +0 robe (worn)
 n - a +2 cloak (worn)
 p - a +0 helmet (worn)
Jewellery
 f - a ring of fire (right hand)
 k - a ring of protection from cold (left hand)
Wands
 m - a wand of digging (5) {@v3}
Scrolls
 h - 2 scrolls of teleportation {unknown}
 i - a scroll of blinking {unknown}
Potions
 d - a potion of magic
 e - a potion of curing {unknown}
 g - 2 potions of heal wounds {unknown}
 o - a potion of experience {unknown}


   Skills:
 + Level 1.0 Fighting
 + Level 1.0 Short Blades
 + Level 1.0 Long Blades
 + Level 1.0 Axes
 + Level 1.0 Maces & Flails
 + Level 1.0 Polearms
 + Level 1.0 Staves
 + Level 1.0 Ranged Weapons
 + Level 1.0 Throwing
 + Level 1.0 Armour
 + Level 4.6 Dodging
 + Level 4.2 Stealth
 + Level 1.0 Shields
 + Level 1.0 Unarmed Combat
 + Level 7.2 Spellcasting
 + Level 2.2 Conjurations
 + Level 0.7 Hexes
 + Level 2.2 Summonings
 + Level 0.7 Necromancy
 + Level 2.2 Translocations
 + Level 0.7 Fire Magic
 + Level 0.7 Ice Magic
 + Level 0.7 Air Magic
 + Level 0.7 Earth Magic
 + Level 0.7 Alchemy
 + Level 1.1 Invocations
 + Level 1.0 Evocations
 + Level 0.9 Shapeshifting


You had 8 spell levels left.
You knew the following spells:

 Your Spells              Type           Power      Damage    Failure   Level
a - Magic Dart            Conj           48%        1d5       5%          1
b - Call Imp              Summ           24%        N/A       8%          2
c - Blink                 Tloc           24%        N/A       8%          2
d - Mephitic Cloud        Conj/Alch/Air  9%         N/A       24%         3

Your spell library contained the following spells:

 Spells                   Type           Power      Damage    Failure   Level
 Slow                     Hex            28%        N/A       10%         1
 Cigotuvi's Dreadful Rot  Necr/Alch/Air  14%        N/A       14%         2


Dungeon Overview and Level Annotations

Branches:
Dungeon (2/15)

Altars:
Hepliaklqana

Shops:
D:1 =


Innate Abilities, Weirdness & Mutations

Your life essence is reduced to manifest your ancestor. (-10% HP)
You have very sharp teeth.
Your uncanny sense of smell can sniff out nearby items.
Your experience applies equally to all skills.


Message History

No target in view!
You see here a +0 short sword.
Found a stone staircase leading down.
No target in view!
An endoplasm and a rat come into view.
Found a metallic red potion.
The magic dart hits the endoplasm.
The endoplasm quivers.
The magic dart hits the endoplasm.
The magic dart hits the endoplasm but does no damage.
The magic dart hits the endoplasm.
The magic dart hits the endoplasm.
You kill the endoplasm!
The magic dart hits the rat.
You kill the rat!
No target in view!
Magic restored.
o - a metallic red potion No target in view!
Found a helmet.
No target in view!
h - 2 scrolls labelled DOSASA HEXO (gained 1)
Found two human skeletons.
Okay, then.
Search for what [Enter for "armour", or ? for help]? helmet You see here a +0 helmet.
You start removing your armour.
You continue taking off your +0 hat. x4
You finish taking off your +0 hat.
You start putting on your armour.
You continue putting on your +0 helmet. x5
You finish putting on your +0 helmet.
You drop a +0 hat.
No target in view!
Found a faded altar of an unknown god.
There is a faded altar of an unknown god here.
This altar belongs to (a) Okawaru, (b) Hepliaklqana or (c) Sif Muna, but you can't tell which.
Press the corresponding letter to learn more about a god, or press enter to convert or escape to cancel.
Hepliaklqana accepts your prayer! Hepliaklqana welcomes you!
Hepliaklqana forms a fragment of your life essence into the memory of your ancestor, Septima!
You can now recall your ancestor.
You can now remember your ancestor's identity.

#
#######.#
#@....#.#
#
#.R.....#
#
#÷.÷..8##
#
#......#
### #.#
#.....8#
..# #.#
#......#
### #.#
#......#
### #.#
#..8.8.#
..# #.#
##.#####


You could see the friendly Septima the ancestor.

Vanquished Creatures
  An adder (D:1)
  A dart slug (D:2)
  4 endoplasms
  A giant cockroach (D:2)
  A goblin (D:1)
  3 hobgoblins
  3 jackals (D:1)
  2 quokkas (D:1)
  4 ball pythons
  4 bats
  4 kobolds
  2 rats
30 creatures vanquished.

Vanquished Creatures (collateral kills)
  A dart slug (D:1)
  2 giant cockroaches (D:1)
  A quokka (D:1)
  A ball python (D:1)
5 creatures vanquished.

Grand Total: 35 creatures vanquished

Notes
Turn   | Place    | Note
-------+----------+-------------------------------------------
     0 | D:1      | Colgate the Gnoll Hedge Wizard began the quest for the Orb.
     0 | D:1      | Reached XP level 1. HP: 13/13 MP: 8/8
   105 | D:1      | Found Aphugul's Jewellery Emporium.
   232 | D:1      | Reached XP level 2. HP: 19/19 MP: 10/10
   237 | D:1      | Learned a level 2 spell: Call Imp
   240 | D:1      | Learned a level 2 spell: Blink
  1060 | D:1      | Reached XP level 3. HP: 20/25 MP: 4/11
  1383 | D:1      | Learned a level 3 spell: Mephitic Cloud
  1454 | D:1      | Reached skill level 1 in Invocations
  1617 | D:2      | Noticed a phantom
  1926 | D:2      | Reached skill level 1 in Fighting
  1926 | D:2      | Reached skill level 1 in Short Blades
  1926 | D:2      | Reached skill level 1 in Long Blades
  1926 | D:2      | Reached skill level 1 in Axes
  1926 | D:2      | Reached skill level 1 in Maces & Flails
  1926 | D:2      | Reached skill level 1 in Polearms
  1926 | D:2      | Reached skill level 1 in Staves
  1926 | D:2      | Reached skill level 1 in Ranged Weapons
  1926 | D:2      | Reached skill level 1 in Throwing
  1926 | D:2      | Reached skill level 1 in Armour
  1926 | D:2      | Reached skill level 1 in Shields
  1926 | D:2      | Reached skill level 1 in Unarmed Combat
  1926 | D:2      | Reached skill level 1 in Evocations
  2571 | D:2      | Found a faded altar of an unknown god.
  2579 | D:2      | Prayed at the altar of an unknown god.
  2579 | D:2      | Became a worshipper of Hepliaklqana the Forgotten
  2579 | D:2      | Reached * piety under Hepliaklqana
  2580 | D:2      | Quit the game

Illustrated notes

Levels and vault maps discovered:
D:1:      lemuel_arrival_funnel, layout_basic, serial_shops,
          nicolae_shop_gaudy_bauble, chequers_serial_rivers_small_3
D:2:      layout_basic, shapermc_ecumenical_altar_pompeii, lemuel_flame_loot_1

Skill      XL: |  1  2  3 |
---------------+----------+-----
Conjurations   | 2 |  2.2
Summonings     | 2 |  2.2
Translocations | 2 |  2.2
Invocations    | 1 |  1.1
Fighting       | 1 |  1.0
Short Blades   | 1 |  1.0
Long Blades    | 1 |  1.0
Axes           | 1 |  1.0
Maces & Flails | 1 |  1.0
Polearms       | 1 |  1.0
Staves         | 1 |  1.0
Ranged Weapons | 1 |  1.0
Throwing       | 1 |  1.0
Armour         | 1 |  1.0
Shields        | 1 |  1.0
Unarmed Combat | 1 |  1.0
Evocations     | 1 |  1.0
Dodging        | |  4.6
Stealth        | |  4.2
Spellcasting   | |  7.2
Hexes          | |  0.7
Necromancy     | |  0.7
Fire Magic     | |  0.7
Ice Magic      | |  0.7
Air Magic      | |  0.7
Earth Magic    | |  0.7
Alchemy        | |  0.7
Shapeshifting  | |  0.9

Action                     || total
---------------------------++-------
  Melee: Dagger            ||    14
   Cast: Magic Dart        ||    77
         Call Imp          ||    14
         Mephitic Cloud    ||     2
         Blink             ||     1
   Stab: Sleeping          ||     5
         Confused          ||     2
 Armour: Robe              ||    29
  Dodge: Dodged            ||    33
